 Dungeon Crawl Stone Soup version 0.19.5 (webtiles) character file.

12091 JeffiDaFish the Basher (level 11, -10/71 HPs)
             Began as a Gargoyle Fighter on Oct 27, 2017.
             Was a High Priest of Okawaru.
             Killed from afar by a wizard (45 damage)
             ... with a crystal spear
             ... in a volcano.
             The game lasted 00:24:39 (10739 turns).

JeffiDaFish the Basher (Gargoyle Fighter)          Turns: 10739, Time: 00:24:40

Health: -10/71     AC: 27    Str: 20    XL:     11   Next: 87%
Magic:  14/14      EV:  7    Int:  9    God:    Okawaru [*****.]
Gold:   657        SH: 11    Dex: 12    Spells: 0 memorised, 10 levels left

rFire  + . .     SeeInvis .     a - +3 flail
rCold  . . .     Gourm    .     p - +0 plate armour
rNeg   + . .     Faith    .     c - +0 shield
rPois  ∞         Spirit   .     (no helmet)
rElec  +         Reflect  .     h - +2 cloak
rCorr  .         Harm     .     n - +0 pair of gloves
MR     .....     Clarity  +     x - +0 pair of boots
Stlth  ..........               (no amulet)
                                i - +3 ring of slaying
                                e - ring of protection from fire

@: no status effects
A: camouflage 1, clarity, negative energy resistance 1, electricity resistance,
unbreathing, petrification resistance, rot immunity, AC +7
a: Heroism, Finesse, Renounce Religion


You were in a volcano.
You worshipped Okawaru.
Okawaru was extremely pleased with you.
You were not hungry.

You visited 3 branches of the dungeon, and saw 13 of its levels.
You also visited: Volcano.

You collected 657 gold pieces.

Inventory:

Hand Weapons
 a - a +3 flail (weapon)
Armour
 c - a +0 shield (worn)
 h - a +2 cloak (worn)
 n - a +0 pair of gloves (worn)
 p - a +0 plate armour (worn)
 x - a +0 pair of boots (worn)
Jewellery
 e - a ring of protection from fire (left hand)
 i - a +3 ring of slaying (right hand)
 t - an uncursed ring of flight
Wands
 m - a wand of iceblast (14/15)
 y - a wand of heal wounds (4/9)
Scrolls
 d - 2 scrolls of fear
 g - 7 scrolls of remove curse
 j - 4 scrolls of identify
 l - 2 scrolls of teleportation
 o - 2 scrolls of blinking
 r - a scroll of magic mapping
Potions
 s - a potion of heal wounds
 v - a potion of invisibility
Books
 u - a book of Conjurations

   Spells                             Type                      Level
   a - Magic Dart                     Conjuration                  1
   b - Searing Ray                    Conjuration                  2
   c - Dazzling Spray                 Conjuration/Hexes            3
   d - Fulminant Prism                Conjuration/Hexes            4
   e - Iskenderun's Mystic Blast      Conjuration                  4
   f - Iskenderun's Battlesphere      Conjuration/Charms           5
Comestibles
 b - 9 beef jerkies
 f - 9 bread rations
 k - 4 meat rations
 q - 25 fruits
 w - 8 chunks of flesh
 z - a slice of pizza


   Skills:
 * Level 9.3 Fighting
 * Level 10.7 Maces & Flails
 * Level 9.4 Armour
 + Level 3.9 Dodging
 - Level 1.3 Stealth
 * Level 9.3 Shields
 + Level 4.9 Invocations


You had 10 spell levels left.
You didn't know any spells.

Dungeon Overview and Level Annotations

Branches:
Dungeon (9/15)             Temple (1/1) D:5            Lair (3/6) D:9
  Swamp (0/4) Lair:2        Snake (0/4) Lair:3
    Orc: D:9-12

Altars:
Cheibriados
Elyvilon
Fedhas
Hepliaklqana
Okawaru
Ru
Sif Muna
Trog
Vehumet
Yredelemnul

Portals:
Labyrinth: Lair:3


Innate Abilities, Weirdness & Mutations

You are resistant to torment.
Your stone body is resilient. (AC +7)
You are immune to poison.
You resist negative energy. (rN+)
You are resistant to electric shocks. (rElec)
You can survive without breathing.
You are immune to petrification.
You are immune to rotting.
Your skin changes colour to match your surroundings (Stealth+).
You possess an exceptional clarity of mind.


Message History

You resist with significant effort.
The wizard points at you and mumbles some strange words.
You suddenly lose the ability to move!
The wizard casts a spell at you. The bolt of cold hits you!
The wizard hits you but does no damage.
You can move again.
You sock the wizard!
You kill the wizard!
Okawaru accepts your kill.
You thump the wizard!
The wizard is moderately wounded.
You block the wizard's attack.
The wizard gestures at you while chanting.
The crystal spear misses you.
A toenail golem comes into view.
The wizard points at you and mumbles some strange words.
The crystal spear hits you!
Ouch! That really hurt!
You die...

###≈≈≈≈§≈≈≈###
###§≈≈§≈≈§§≈≈≈§## #
§§§≈≈≈≈≈≈≈§§§≈≈≈##§≈
§§§§§§≈≈≈≈≈§§≈≈≈§≈ §
≈§§§§§≈≈≈§§≈≈§§
§§≈#################
§≈§#.....#8.........
#.∩.∩.'.#p#####+
§§§#.....#.#p.@#
§§≈###+######### §


You could see a toenail golem and 2 wizards.

Vanquished Creatures
  Fannar (Lair:2)
  A catoblepas (Lair:2)
  A wizard (Volcano)
  Pikel (D:7)
  An oklob plant (Lair:1)
  A black mamba (Lair:3)
  A spiny frog (Lair:2)
  A komodo dragon (Lair:1)
  The ghost of dog the Conjurer, a novice DECj (D:4)
  A hornet (Lair:2)
  3 hippogriffs
  Sigmund (D:2)
  17 yaks
  A wyvern (D:9)
  A basilisk (Lair:1)
  Duvessa (D:7)
  5 porcupines
  5 water moccasins
  A sky beast (D:6)
  4 ice beasts
  An orc warrior (D:8)
  A black bear (D:8)
  A necrophage (D:8)
  3 phantoms
  2 centaurs (D:9)
  2 ogres
  5 crocodiles
  6 bullfrogs
  Dowan (D:7)
  4 wights (D:8)
  2 howler monkeys (D:7)
  2 bullfrog zombies
  2 crimson imps
  A bullfrog skeleton (D:6)
  5 hounds
  3 jellies
  Crazy Yiuf (D:2)
  7 orc wizards
  3 iguanas
  4 orc priests
  Jessica (D:2)
  Terence (D:2)
  3 worker ants
  A hound zombie (D:3)
  A worker ant zombie (D:8)
  3 gnolls (D:5)
  8 adders
  A howler monkey skeleton (D:4)
  2 shadow imps (D:6)
  2 oozes
  An adder zombie (D:6)
  3 worms
  3 dart slugs
  10 leopard geckos
  21 orcs
  6 bats
  6 giant cockroaches
  5 goblins
  6 hobgoblins
  9 jackals
  10 kobolds
  3 quokkas
  A ball python (D:5)
  5 frilled lizards
  A leopard gecko skeleton (D:4)
  5 rats
223 creatures vanquished.

Vanquished Creatures (others)
  A slave (D:7)
  A centaur (D:7)
  A fungus (Lair:2)
  A plant (Lair:2)
4 creatures vanquished.

Grand Total: 227 creatures vanquished

Notes
Turn   | Place    | Note
-------+----------+-------------------------------------------
     0 | D:1      | JeffiDaFish the Gargoyle Fighter began the quest for the Orb.
     0 | D:1      | Reached XP level 1. HP: 14/14 MP: 1/1
    72 | D:1      | Reached XP level 2. HP: 16/19 MP: 2/2
   285 | D:1      | Gained mutation: You possess an exceptional clarity of mind. [potion of beneficial mutation]
   689 | D:2      | Found a radiant altar of Vehumet.
   691 | D:2      | Noticed Jessica
   694 | D:2      | Reached XP level 3. HP: 23/23 MP: 3/3
   700 | D:2      | Killed Jessica
   714 | D:2      | Reached XP level 4. HP: 29/29 MP: 4/4
   760 | D:2      | Noticed Terence
   779 | D:2      | Killed Terence
   779 | D:2      | Reached skill level 3 in Maces & Flails
  1333 | D:2      | Found a runed door.
  1337 | D:2      | Noticed Crazy Yiuf
  1346 | D:2      | Killed Crazy Yiuf
  1346 | D:2      | Reached XP level 5. HP: 23/33 MP: 3/5
  1375 | D:2      | Noticed Sigmund
  1383 | D:2      | Killed Sigmund
  1383 | D:2      | Reached skill level 4 in Maces & Flails
  1383 | D:2      | Reached skill level 1 in Dodging
  1383 | D:2      | Reached XP level 6. HP: 29/39 MP: 6/6
  2384 | D:4      | Found a basalt altar of Yredelemnul.
  2531 | D:4      | Noticed dog's ghost (novice DECj)
  2545 | D:4      | Killed dog's ghost
  2545 | D:4      | Reached skill level 5 in Maces & Flails
  2545 | D:4      | Reached XP level 7. HP: 31/44 MP: 7/7
  2946 | D:4      | Reached skill level 6 in Maces & Flails
  2986 | D:4      | Reached skill level 5 in Fighting
  2986 | D:4      | Reached skill level 5 in Armour
  3039 | D:4      | Found a deep blue altar of Sif Muna.
  3040 | D:4      | Found a sacrificial altar of Ru.
  3185 | D:4      | Reached XP level 8. HP: 40/49 MP: 8/8
  3330 | D:4      | Reached skill level 5 in Shields
  3508 | D:5      | Entered Level 5 of the Dungeon
  3542 | D:5      | Found a staircase to the Ecumenical Temple.
  3608 | D:5      | Reached skill level 7 in Maces & Flails
  3703 | Temple   | Entered the Ecumenical Temple
  3756 | Temple   | Became a worshipper of Warmaster Okawaru
  3827 | D:5      | Reached skill level 1 in Stealth
  3908 | D:5      | Found a snail-covered altar of Cheibriados.
  4596 | D:6      | Found a white marble altar of Elyvilon.
  4634 | D:6      | Reached XP level 9. HP: 48/55 MP: 9/9
  4721 | D:6      | Reached skill level 8 in Maces & Flails
  4741 | D:6      | Reached * piety under Okawaru
  4893 | D:6      | You fall through a shaft!
  4908 | D:7      | Found a bloodstained altar of Trog.
  5101 | D:7      | Noticed Duvessa
  5107 | D:7      | Noticed Dowan
  5107 | D:7      | Killed Duvessa
  5119 | D:7      | Killed Dowan
  5238 | D:7      | Reached skill level 1 in Invocations
  5323 | D:7      | Reached ** piety under Okawaru
  5417 | D:7      | You fall through a shaft for 2 floors!
  5417 | D:9      | Found a staircase to the Lair.
  5466 | D:9      | HP: 2/56 [centaur (5)]
  5763 | D:9      | Reached XP level 10. HP: 60/61 MP: 11/11
  5766 | D:9      | Reached skill level 9 in Maces & Flails
  6201 | D:8      | Gained mutation: Your skin changes colour to match your surroundings (Stealth+). [potion of beneficial mutation]
  6404 | D:8      | Reached *** piety under Okawaru
  6982 | D:7      | Noticed Pikel
  6995 | D:7      | Killed Pikel
  7351 | Lair:1   | Entered Level 1 of the Lair of Beasts
  7448 | Lair:1   | Noticed an oklob plant
  7458 | Lair:1   | Killed an oklob plant
  7997 | Lair:1   | Reached **** piety under Okawaru
  8484 | Lair:2   | Found a staircase to the Swamp.
  8504 | Lair:2   | Reached XP level 11. HP: 57/68 MP: 13/13
  8523 | Lair:2   | Reached skill level 10 in Maces & Flails
  8840 | Lair:2   | Noticed a catoblepas
  8865 | Lair:2   | Killed a catoblepas
  8865 | Lair:2   | Reached ***** piety under Okawaru
  9391 | Lair:2   | Noticed Fannar
  9410 | Lair:2   | Killed Fannar
  9638 | Lair:2   | Received a gift from Okawaru
  9658 | Lair:2   | Got a scorched hat {god gift}
  9664 | Lair:2   | Identified the +1 hat of the Foremost Wishes {-Tele *Slow rN+++ Str+9} (Okawaru gifted it to you on level 2 of the Lair of Beasts)
 10418 | Lair:3   | Found a labyrinth entrance.
 10471 | Lair:3   | Found a dark tunnel.
 10719 | Volcano  | Entered a volcano
 10725 | Volcano  | Noticed a wizard
 10731 | Volcano  | Noticed a wizard
 10734 | Volcano  | Noticed a wizard
 10735 | Volcano  | Paralysed by a wizard for 2 turns
 10737 | Volcano  | Killed a wizard
 10739 | Volcano  | Killed from afar by a wizard

Skill      XL: |  1  2  3  4  5  6  7  8  9 10 11 |
---------------+----------------------------------+-----
Maces & Flails | 3 4 5 6 7 8 9 10 | 10.7
Armour         | 4 5 7 8 9 |  9.4
Fighting       | 4 5 6 8 9 |  9.3
Dodging        | 1 2 3 |  3.9
Shields        | 4 5 7 8 9 |  9.3
Stealth        | 1 |  1.3
Invocations    | 2 3 4 |  4.9

Action                   |  1- 3 |  4- 6 |  7- 9 | 10-12 || total
-------------------------+-------+-------+-------+-------++-------
Melee: Flail             |    64 |   165 |   317 |   437 ||   983
Invok: Finesse           |       |       |       |     1 ||     1
Evoke: Wand              |       |       |       |     9 ||     9
  Use: Potion            |     3 |     6 |     4 |     6 ||    19
       Scroll            |     2 |     8 |     4 |     7 ||    21
 Stab: Invisible         |       |       |     1 |       ||     1
  Eat: Chunk             |       |     6 |    11 |    14 ||    31
       Royal jelly       |       |       |       |     1 ||     1
Armor: Scale mail        |    32 |    54 |       |       ||    86
       Chain mail        |       |    33 |    88 |       ||   121
       Plate armour      |       |       |    78 |   217 ||   295
Dodge: Dodged            |    11 |    41 |    62 |    69 ||   183
Block: Shield            |    33 |    78 |   152 |   219 ||   482
